 Dungeon Crawl Stone Soup version 0.22-a0-307-g2b15929 (webtiles) character file.

1666 xccam the Cleaver (level 9, -7/64 HPs)
             Began as a Formicid Fighter on Apr 1, 2018.
             Was a Priest of Cheibriados.
             Mangled by an orc warrior
             ... wielding a +0 mace
              (16 damage)
             ... on level 6 of the Dungeon.
             The game lasted 00:09:19 (5006 turns).

xccam the Cleaver (Formicid Fighter)                Turns: 5006, Time: 00:09:20

Health: -7/64      AC:  8    Str: 28    XL:     9   Next: 20%
Magic:  9/9        EV:  9    Int: 15    God:    Cheibriados [***...]
Gold:   329        SH: 12    Dex: 17    Spells: 8/8 levels left

rFire    . . .     SeeInvis +   a - +0 war axe
rCold    . . .     Gourm    .   c - +0 shield
rNeg     . . .     Faith    .   b - +0 scale mail
rPois    .         Spirit   .   (helmet unavailable)
rElec    .         Reflect  .   i - +0 cloak (curse)
rCorr    .         Harm     .   (no gloves)
MR       .....                  (no boots)
Stlth    ..........             (no amulet)
HPRegen  0.20/turn              (no ring)
MPRegen  0.11/turn              (no ring)

@: very slow
A: permanent stasis, dig shafts and tunnels, four strong arms, antennae 3
a: Dig, Shaft Self, Bend Time, Temporal Distortion, Renounce Religion


You were on level 6 of the Dungeon.
You worshipped Cheibriados.
Cheibriados was most pleased with you.
You were not hungry.

You visited 1 branch of the dungeon, and saw 6 of its levels.

You collected 329 gold pieces.

Inventory:

Hand Weapons
 a - a +0 war axe (weapon)
Armour
 b - a +0 scale mail (worn)
 c - a +0 shield (worn)
 i - a cursed +0 cloak (worn)
Wands
 t - a wand of disintegration (13)
Scrolls
 e - a scroll of amnesia {unknown}
 g - 4 scrolls of magic mapping {unknown}
 h - 4 scrolls of teleportation {unknown}
 l - a scroll of blinking {unknown}
 p - 4 scrolls of identify {unknown}
 q - 2 scrolls of remove curse {unknown}
 r - 3 scrolls of enchant weapon {unknown}
 s - 2 scrolls of fog {unknown}
 w - a scroll of noise {unknown}
 x - a scroll of fear {unknown}
 y - a scroll of immolation {unknown}
Potions
 d - 4 potions of brilliance {unknown}
 j - a potion of agility {unknown}
 k - a potion of lignification {unknown}
 m - a potion of haste {unknown}
 n - 3 potions of curing
 o - 2 potions of degeneration {unknown}
 u - 3 potions of heal wounds
 v - a potion of mutation {unknown}
Comestibles
 f - 14 rations


   Skills:
 - Level 3.2 Fighting
 - Level 10.0 Axes
 - Level 3.2 Armour
 + Level 7.1 Shields


You had 8 spell levels left.
You didn't know any spells.

Dungeon Overview and Level Annotations

Branches:
Dungeon (6/15)
 Temple: D:4-7

Altars:
Cheibriados
Makhleb

Shops:
D:4 (


Innate Abilities, Weirdness & Mutations

You cannot be hasted, slowed, berserked, paralysed or teleported.
You can dig through walls and to a lower floor.
Your four strong arms can wield two-handed weapons with a shield.
You have a pair of large antennae on your head. (SInv)


Message History

The orc warrior is lightly wounded.
The orc warrior hits you with a mace.
You closely miss the orc warrior.
The orc warrior is lightly wounded.
The orc warrior closely misses you.
You slash the orc warrior!
The orc warrior is severely wounded.
The orc warrior hits you with a mace!
You are too injured to fight recklessly!
You are too injured to fight recklessly!
You are too injured to fight recklessly!
You are too injured to fight recklessly!
You closely miss the orc warrior.
The orc warrior is severely wounded.
The orc warrior hits you with a mace!
* * * LOW HITPOINT WARNING * * *
You barely miss the orc warrior.
The orc warrior is severely wounded.
The orc warrior hits you with a mace!
You die...

#.#. #.... #...#
#...# . #... ..
#...####.#
######..#.....#
.........@o.#
........#))..#
############.#....#
#............#....#
#.....
#.############....#
..#.....## #.#
#....# .........
#.# .....#
#.......# #.#
#.#... ........+
#.# #.......#


You could see an orc warrior.

Vanquished Creatures
  Sigmund (D:3)
  3 sky beasts
  An ice beast (D:5)
  2 ogres
  The ghost of Nib the Chopper, an amateur DsGl (D:3)
  A centaur (D:5)
  Blork the orc (D:5)
  A bullfrog (D:6)
  A scorpion (D:5)
  2 crimson imps
  An orc priest (D:5)
  A jelly (D:6)
  Jessica (D:3)
  3 orc wizards (D:5)
  7 worker ants
  A hound skeleton (D:5)
  Robin (D:4)
  3 gnolls (D:3)
  4 adders
  A shadow imp (D:5)
  An adder skeleton (D:4)
  2 adder zombies
  2 worms
  3 dart slugs
  2 leopard geckos (D:3)
  9 orcs
  4 giant cockroaches
  15 goblins
  6 hobgoblins
  23 jackals
  13 kobolds
  4 quokkas
  2 ball pythons
  9 bats
  4 frilled lizards
  A leopard gecko skeleton (D:4)
  A leopard gecko zombie (D:6)
  A quokka zombie (D:6)
  8 rats
147 creatures vanquished.

Notes
Turn   | Place    | Note
-------+----------+-------------------------------------------
     0 | D:1      | xccam the Formicid Fighter began the quest for the Orb.
     0 | D:1      | Reached XP level 1. HP: 18/18 MP: 1/1
    53 | D:1      | Reached XP level 2. HP: 19/24 MP: 2/2
    57 | D:1      | Reached skill level 3 in Axes
   244 | D:1      | Reached XP level 3. HP: 29/29 MP: 3/3
   873 | D:2      | Reached skill level 4 in Axes
   873 | D:2      | Reached XP level 4. HP: 33/35 MP: 4/4
  1343 | D:3      | Reached XP level 5. HP: 21/41 MP: 5/5
  1451 | D:3      | Noticed Nib's ghost (amateur DsGl)
  1452 | D:3      | Noticed Jessica
  1453 | D:3      | Found a faded altar of an unknown god.
  1461 | D:3      | Killed Jessica
  1461 | D:3      | Reached skill level 5 in Axes
  1476 | D:3      | Killed Nib's ghost
  1476 | D:3      | Reached XP level 6. HP: 16/47 MP: 6/6
  1482 | D:3      | Reached skill level 6 in Axes
  1680 | D:3      | Noticed Sigmund
  1699 | D:3      | Killed Sigmund
  1699 | D:3      | Reached skill level 7 in Axes
  1699 | D:3      | Reached XP level 7. HP: 15/52 MP: 7/7
  1946 | D:3      | Found a snail-covered altar of Cheibriados.
  1960 | D:3      | Became a worshipper of Cheibriados the Contemplative
  2631 | D:4      | Noticed Robin
  2728 | D:3      | Reached * piety under Cheibriados
  2984 | D:4      | Killed Robin
  3000 | D:4      | Found Ixaezies's Antique Weapon Shop.
  3161 | D:4      | Reached skill level 8 in Axes
  3726 | D:5      | Entered Level 5 of the Dungeon
  3743 | D:5      | Reached XP level 8. HP: 41/58 MP: 8/8
  3805 | D:5      | Reached ** piety under Cheibriados
  3818 | D:5      | Reached skill level 9 in Axes
  4296 | D:5      | Noticed Blork the orc
  4310 | D:5      | Killed Blork the orc
  4310 | D:5      | Reached skill level 10 in Axes
  4440 | D:5      | Found a burning altar of Makhleb.
  4638 | D:5      | Reached skill level 5 in Shields
  4795 | D:6      | Reached XP level 9. HP: 55/64 MP: 9/9
  4831 | D:6      | Reached *** piety under Cheibriados
  5006 | D:6      | Mangled by an orc warrior

Vault maps used:
D:1:      dpeg_arrival_boxes_within_box, kennysheep_small_spiral,
          minmay_tetromino_o4
D:2:      st_stairs_9, kennysheep_doodads
D:3:      old_standard_altar, chequers_ecumenical_altar_island, st_stairs_6,
          uniq_jessica, uniq_sigmund
D:4:      first_ration, serial_shops, shop, grunt_ministairs_7, uniq_robin
D:5:      bloody_makhleb, uniq_blork_the_orc
D:6:      marbit_many_paths, uniq_pikel, uniq_edmund

Skill      XL: |  1  2  3  4  5  6  7  8  9 |
---------------+----------------------------+-----
Axes           | 3 4 5 7 8 10 | 10.0
Shields        | 5 7 |  7.1
Fighting       | |  3.2
Armour         | |  3.2

Action                   |  1- 3 |  4- 6 |  7- 9 || total
-------------------------+-------+-------+-------++-------
Melee: War axe           |   107 |    75 |   276 ||   458
  Use: Potion            |       |     3 |     1 ||     4
  Eat: Chunk             |       |     3 |     7 ||    10
Armor: Scale mail        |    60 |    41 |   135 ||   236
Dodge: Dodged            |    61 |    24 |    93 ||   178
Block: Shield            |    80 |    38 |   156 ||   274

Table legend:
 A = Spawn XP
 B = Non-spawn XP
 C = Spawn XP percentage of total XP
 D = Spawn monster count
 E = Non-spawn monster count
 F = Spawn count percentage of total count
 G = Total turns spent on level
                    A         B        C        D         E        F      G
               +---------+---------+-------+---------+---------+-------+---------
         Total |       0 |    2380 |   0.0 |       0 |     147 |   0.0 |  5006
               +---------+---------+-------+---------+---------+-------+---------
           D:1 |       0 |      54 |   0.0 |       0 |      33 |   0.0 |   775
           D:2 |       0 |      41 |   0.0 |       0 |      16 |   0.0 |   553
           D:3 |       0 |     594 |   0.0 |       0 |      39 |   0.0 |  1639
           D:4 |       0 |     223 |   0.0 |       0 |      15 |   0.0 |   759
           D:5 |       0 |    1018 |   0.0 |       0 |      33 |   0.0 |  1062
           D:6 |       0 |     450 |   0.0 |       0 |      11 |   0.0 |   218
               +---------+---------+-------+---------+---------+-------+---------
